 Dungeon Crawl Stone Soup version 0.31-a0-1068-g5939ac1fb6 (webtiles) character file.

Game seed: 12724331095932631823

276535 paps the Warrior (level 19, -10/165 HPs)
             Began as a Demonspawn Fighter on Nov 25, 2023.
             Was an Initiate of Gozag.
             Mangled by a +0 halberd of holy wrath (20 damage)
             ... animated by Zenata
             ... on level 2 of the Elven Halls.
             The game lasted 01:13:15 (40970 turns).

paps the Warrior (Demonspawn Fighter)              Turns: 40970, Time: 01:13:17

Health: -10/165    AC: 29    Str: 24    XL:     19   Next: 58%
Magic:  19/19      EV: 14    Int: 15    God:    Gozag
Gold:   2692       SH: 22    Dex: 20    Spells: 18/18 levels left

rFire   + + +        E - +11 lance "Wyrmbane" {slay drac, rPois rF+ rC+ AC+3}
rCold   + . .        F - +3 kite shield {rF+}
rNeg    . . .        Y - +6 chain mail of the Special Spines {rC+}
rPois   +            e - +2 helmet {SInv}
rElec   +            m - +2 cloak
rCorr   +            L - +0 pair of fencer's gloves {Riposte Dex+3}
SInv    +            (boots unavailable)
Will    +....        o - amulet of the Queen {Reflect rPois Int+3 Dex+3 SH+5}
Stlth   +            K - ring of the Country {Fire Fly rCorr}
HPRegen 0.47/turn    g - ring "Qelleuru" {rElec rCorr Int+3 Slay+4}
MPRegen 0.16/turn

%: reflection, clarity
@: mighty, lethally poisoned (-10 -> -13), about to teleport, flying, studying
Fighting
A: hooves 3, molten scales 3, ignite blood 1, powered by pain 1, clarity,
deformed body, fire resistance 1
}: 2/15 runes: barnacled, gossamer
a: Renounce Religion, Potion Petition, Call Merchant, Bribe Branch


You were on level 2 of the Elven Halls.
You worshipped Gozag.
Gozag was most pleased with you.
You visited 7 branches of the dungeon, and saw 33 of its levels.
You visited the Abyss 1 time.
You also visited: Gauntlet.

You collected 12413 gold pieces.
You spent 6359 gold pieces at shops.
You paid 3362 gold pieces to Gozag.

Inventory:

Hand Weapons
 a - the +9 triple sword "Geciles" {freeze, Contam rN+ Dex+6}
   (You acquired it on level 5 of the Dungeon)

   Dex+6:     It affects your dexterity (+6).
   rN+:       It protects you from negative energy.
   Contam:    It causes magical contamination when unequipped.
 E - the +11 lance "Wyrmbane" (weapon) {slay drac, rPois rF+ rC+ AC+3}
   (You bought it in a shop on level 10 of the Dungeon)

   AC+3:      It affects your AC (+3).
   rF+:       It protects you from fire.
   rC+:       It protects you from cold.
   rPois:     It protects you from poison
Missiles
 X - 2 throwing nets
Armour
 e - a +2 helmet of see invisible (worn)
 m - a +2 cloak (worn)
 F - a +3 kite shield of fire resistance (worn)
 L - the +0 pair of fencer's gloves (worn) {Riposte Dex+3}
   (You bought it in a shop on level 5 of the Lair of Beasts)

   Riposte:   It allows the wearer to riposte with melee weapons, swiftly
   retaliating against missed or blocked melee attacks.
   Dex+3:     It affects your dexterity (+3).
 T - the +2 helmet of Truth {Harm *Corrode rN+ Dex+7}
   (You found it in a Gauntlet)

   Dex+7:     It affects your dexterity (+7).
   rN+:       It protects you from negative energy.
   *Corrode:  It may corrode you when you take damage.
   Harm:      It increases damage dealt and taken.
 W - a scarf of invisibility
 Y - the +6 chain mail of the Special Spines (worn) {rC+}
   (You bought it in a shop on level 1 of the Elven Halls)

   rC+:       It protects you from cold.
Jewellery
 g - the ring "Qelleuru" (right hand) {rElec rCorr Int+3 Slay+4}
   (You bought it in a shop on level 13 of the Dungeon)

   [ring of slaying]

   Int+3:     It affects your intelligence (+3).
   Slay+4:    It affects your accuracy & damage with ranged weapons and melee
   (+4).
   rElec:     It insulates you from electricity.
   rCorr:     It protects you from acid and corrosion.
 o - the amulet of the Queen (around neck) {Reflect rPois Int+3 Dex+3 SH+5}
   (You found it on level 4 of the Dungeon)

   [amulet of reflection]

   Reflect:   It reflects blocked missile attacks.
   Int+3:     It affects your intelligence (+3).
   Dex+3:     It affects your dexterity (+3).
   rPois:     It protects you from poison SH+5: It affects your SH (+5).
 K - the ring of the Country (left hand) {Fire Fly rCorr}
   (You found it on level 3 of the Lair of Beasts)

   [ring of fire]

   Fire:      It enhances your fire magic.
   rF+:       It protects you from fire.
   rC-:       It makes you vulnerable to cold.
   Fly:       It grants you flight.
   rCorr:     It protects you from acid and corrosion.
 R - the amulet "Leecwua" {RegenMP Harm Rampage rN+ Regen+}
   (You found it on level 1 of the Shoals)

   [amulet of magic regeneration]

   RegenMP:   It increases your rate of magic regeneration.
   rN+:       It protects you from negative energy.
   Regen+:    It increases your rate of health regeneration.
   Harm:      It increases damage dealt and taken.
   Rampage:   It bestows one free step when moving towards enemies.
Wands
 q - a wand of roots (28)
 r - a wand of polymorph (29)
 B - a wand of quicksilver (25)
 G - a wand of charming (11)
 H - a wand of flame (27)
 I - a wand of mindburst (25)
 Q - a wand of digging (15)
Scrolls
 h - 3 scrolls of enchant weapon
 l - 2 scrolls of fog
 n - 17 scrolls of teleportation
 p - 3 scrolls of vulnerability
 v - 4 scrolls of immolation
 w - 2 scrolls of silence
 y - 5 scrolls of fear
 z - 14 scrolls of identify
 A - 4 scrolls of poison
 C - 7 scrolls of amnesia
 J - 4 scrolls of brand weapon
 M - 2 scrolls of blinking
 N - 4 scrolls of revelation
 O - a scroll of torment
Potions
 c - 9 potions of lignification
 d - 7 potions of enlightenment
 f - 4 potions of invisibility
 i - 5 potions of cancellation
 j - 4 potions of might
 k - 10 potions of curing
 s - 4 potions of attraction
 t - 2 potions of heal wounds
 u - 6 potions of haste
 x - 4 potions of ambrosia
 D - 2 potions of mutation
 P - 4 potions of brilliance
 S - 6 potions of magic
 U - a potion of berserk rage


   Skills:
 + Level 18.7 Fighting
 - Level 12.0 Long Blades
 * Level 17.5 Polearms
 + Level 11.9 Armour
 + Level 10.1 Dodging
 + Level 7.8 Stealth
 + Level 14.8 Shields


You had 18 spell levels left.
You didn't know any spells.
Your spell library contained the following spells:

 Spells                   Type           Power      Damage    Failure   Level
 Apportation              Tloc           0%         N/A       85%         1
 Foxfire                  Conj/Fire      0%         2x1d4     85%         1
 Cigotuvi's Dreadful Rot  Necr/Pois/Air  0%         N/A       94%         2
 Jinxbite                 Hex            0%         N/A       94%         2
 Poisonous Vapours        Pois/Air       0%         N/A       94%         2
 Wereblood                Tmut           0%         N/A       94%         2
 Call Canine Familiar     Summ           0%         N/A       99%         3
 Ignite Poison            Fire/Tmut/Pois 0%         N/A       99%         3
 Mephitic Cloud           Conj/Pois/Air  0%         N/A       99%         3
 Ozocubu's Armour         Ice            0%         N/A       99%         3
 Sigil of Binding         Hex            0%         N/A       99%         3
 Tukima's Dance           Hex            0%         N/A       99%         3
 Brom's Barrelling Bould  Conj/Erth      0%         2d3       100%        4
 Dimensional Bullseye     Hex/Tloc       0%         N/A       100%        4
 Dispel Undead            Necr           0%         3d6       100%        4
 Leda's Liquefaction      Hex/Erth       0%         N/A       100%        4
 Passage of Golubria      Tloc           0%         N/A       100%        4
 Sticky Flame             Conj/Fire      0%         2d3       100%        4
 Alistair's Intoxication  Tmut/Pois      0%         N/A       100%        5
 Borgnjor's Vile Clutch   Necr/Erth      0%         N/A       100%        5
 Fireball                 Conj/Fire      0%         3d3       100%        5
 Freezing Cloud           Conj/Ice/Air   0%         6-21      100%        5
 Irradiate                Conj/Tmut      0%         3d11      100%        5
 Iskenderun's Battlesphe  Conj           0%         2d6       100%        5
 Silence                  Hex/Air        0%         N/A       100%        5
 Summon Forest            Summ/Tloc      0%         N/A       100%        5
 Summon Mana Viper        Hex/Summ       0%         N/A       100%        5
 Yara's Violent Unravell  Hex/Tmut       0%         3d3       100%        5
 Conjure Ball Lightning   Conj/Air       0%         3x3d6     100%        6
 Death Channel            Necr           0%         N/A       100%        6
 Eringya's Noxious Bog    Tmut/Pois      0%         4d6       100%        6
 Plasma Beam              Fire/Air       0%         2x1d10    100%        6
 Starburst                Conj/Fire      0%         6d3       100%        6
 Summon Cactus Giant      Summ           0%         N/A       100%        6
 Haunt                    Necr/Summ      0%         N/A       100%        7
 Malign Gateway           Summ/Tloc      0%         N/A       100%        7
 Orb of Destruction       Conj           0%         9d5       100%        7
 Ozocubu's Refrigeration  Ice            0%         4d7       100%        7
 Borgnjor's Revivificati  Necr           0%         N/A       100%        8
 Ignition                 Fire           0%         3d3       100%        8
 Lehudib's Crystal Spear  Conj/Erth      0%         10d2      100%        8
 Summon Horrible Things   Summ           0%         N/A       100%        8
 Death's Door             Necr           0%         N/A       100%        9


Dungeon Overview and Level Annotations

Branches:
Dungeon (15/15)            Temple (1/1) D:7            Lair (5/5) D:11
 Shoals (4/4) Lair:2       Spider (4/4) Lair:3        Slime (0/5) Lair:5
    Orc (2/2) D:11            Elf (2/3) Orc:2        Vaults (0/5) D:13
 Depths (0/4) D:15        Gauntlet (visited)

Altars:
Ashenzari
Cheibriados
Dithmenos
Fedhas
Gozag
Hepliaklqana
Kikubaaqudgha
Makhleb
Nemelex Xobeh
Okawaru
Qazlal
Ru
Sif Muna
Trog
Uskayaw
Vehumet
Wu Jian
Xom
Yredelemnul
Jiyva

Shops:
D:1 *   D:2 (   D:3 (   D:4 *   D:10 **   D:11 *   D:13 **   Orc:2 [((
Elf:1 [:!=?   Lair:2 [   Lair:5 [   Shoals:3 =!([:   Shoals:4 (

Annotations:
Shoals:4 2 transporters
Elf:2 1 runed translucent door, Zenata


Innate Abilities, Weirdness & Mutations

You have hooves in place of feet.
You are completely covered in molten scales. (AC +4, rF+)
Your demonic aura sometimes causes spilled blood to erupt in flames.
You sometimes gain a little power by taking damage.
You possess an exceptional clarity of mind.
Armour fits poorly on your strangely shaped body.
Your flesh is heat resistant. (rF+)


Message History

You block the +0 heavy long sword's attack.
You riposte.
You puncture the +0 heavy long sword!
Your kick misses the +0 heavy long sword.
The +0 heavy long sword is severely damaged.
The +1 trident of protection hits you.
* * * LOW HITPOINT WARNING * * *
You block the +2 hand axe of freezing's attack.
You block the +1 scimitar of venom's attack.
You riposte.
You closely miss the +1 scimitar of venom.
Your kick misses the +1 scimitar of venom.
The +2 vampiric war axe misses you.
The +0 halberd of holy wrath hits you from afar!
* * * LOW HITPOINT WARNING * * *
You convulse!!
* * * LOW HITPOINT WARNING * * *
You focus on the pain.
You feel very mighty all of a sudden. The +1 trident of protection hits you.
* * * LOW HITPOINT WARNING * * *
The +2 hand axe of freezing hits you but does no damage.
The +0 halberd of holy wrath hits you but does no damage.
The +1 scimitar of venom hits you but does no damage.
The +2 vampiric war axe closely misses you.
You riposte.
You barely miss the +2 vampiric war axe.
The +2 vampiric war axe is lightly damaged.
The +0 heavy long sword hits you but does no damage.
Zenata hits you with a +3 eveningstar of protection.
* * * LOW HITPOINT WARNING * * *
The +1 trident of protection hits you but does no damage.
You feel much better.
You feel sick.
You block the +2 hand axe of freezing's attack.
You block the +1 scimitar of venom's attack.
You block the +2 vampiric war axe's attack.
The +0 halberd of holy wrath hits you from afar!
* * * LOW HITPOINT WARNING * * *
You convulse!!
You die...
Your body crumbles into a pile of gold.

.# ........#$$$.#....#
##
...#.......#......#...#
#
.....#.....#........#..#
#
......#...#..........#.#
## .......
#...$........## .#
....... #...$........#
.#
.......###..$.........#
##
......#.(.#..........#.
#(@($$#........#. ##
#$(a($..#......#. .#
#....(....#....#.. .#
#...........#..#... .#
#.............##... .#
#.............# .. .#
..#...........#.. .#
...#.........#... .#


You could see Zenata and 6 dancing weapons.

Vanquished Creatures
  Arachne (Spider:4)
  Jorgrun (D:13)
  The ghost of Iluol the Brawler, an adept TrSh of Trog (Spider:3)
  The ghost of Mosem the Wrestler, an adept TrSh of the Shining One (Spider:3)
  2 krakens
  Agnes (Spider:4)
  Frances (Shoals:2)
  Roxanne (Spider:4)
  The ghost of chuckiee3 the Peltast, a journeyman MiFi of Okawaru (Spider:3)
  Ilsuiw (Shoals:2)
  The ghost of Jema the Devastator, an adept HuCj of Sif Muna (Shoals:1)
  3 emperor scorpions
  A deep elf sorcerer (Elf:2)
  A caustic shrike zombie (D:15)
  7 ghost moths
  The ghost of Lugebuh the Tainter, a journeyman OpVM of Sif Muna (D:15)
  A spectral juggernaut (D:15)
  6 broodmothers
  A minotaur (Gauntlet)
  2 spark wasps
  A deep elf death mage (Elf:2)
  A merfolk javelineer (Shoals:2)
  Josephine (D:15)
  Snorg (Orc:2)
  The ghost of Jelor the Carver, a journeyman DrIE of Vehumet (Lair:3)
  4 entropy weavers
  An ettin (D:15)
  A spriggan zombie (D:15)
  4 merfolk impalers
  The ghost of chuckiee3 the Spear-Bearer, a journeyman MiFi of the Shining One (D:12)
  Erolcha (Orc:2)
  8 vault guards (D:13)
  An ice dragon (Lair:2)
  6 hydras
  2 jorogumos
  5 catoblepae
  4 radroaches
  3 alligator snapping turtles
  6 centaur warriors
  A death knight (D:15)
  12 boulder beetles
  4 merfolk avatars
  27 dancing weapons
  6 satyrs
  5 two-headed ogres
  2 tengu warriors (D:15)
  2 merfolk aquamancers (Shoals:4)
  A spectral stone giant (D:15)
  16 death yaks
  8 demonic crawlers
  6 orc high priests (Orc:2)
  3 skysharks
  10 deep elf knights
  A soul eater (Gauntlet)
  Amaemon (Lair:1)
  6 skeletal warriors
  9 pharaoh ants
  A deep troll (D:15)
  10 sea snakes
  8 orb spiders
  3 deep elf archers
  11 steelbarb worms
  A lindwurm (Lair:4)
  19 deep elf pyromancers
  8 harpies
  14 orc knights
  21 deep elf zephyrmancers
  An iron dragon zombie (D:15)
  4 orc sorcerers
  A spectral ettin (D:15)
  12 ugly things
  30 wolf spiders
  6 moths of wrath
  19 fauns
  27 elephants
  9 cyclopes
  8 merfolk sirens
  13 manticores
  3 water nymphs
  3 black mambas
  An orange demon (Lair:1)
  5 torpor snails
  9 cane toads
  4 gargoyles
  Maggie (D:8)
  Psyche (D:8)
  A kobold demonologist (D:9)
  A yaktaur (shapeshifter) (Elf:1)
  9 komodo dragons
  2 freezing wraiths
  3 efreet
  An unseen horror (D:11)
  6 rime drakes
  A tengu conjurer (D:15)
  6 trolls
  A spectral tengu (D:15)
  9 meliai
  17 merfolk
  3 polar bears
  12 blink frogs
  3 hornets
  34 tarantellas
  24 dream sheep
  Grinder (D:4)
  16 snapping turtles
  3 wind drakes
  32 jumping spiders
  31 culicivoras
  6 water elementals
  A spriggan (D:11)
  2 air elementals (Elf:1)
  3 wyverns
  A shadow (D:12)
  10 wraiths
  4 basilisks
  2 fire elementals (Elf:2)
  57 yaks
  A hog (shapeshifter) (D:13)
  2 spriggan simulacra (D:15)
  37 redbacks
  3 vampire mosquitoes (D:14)
  Menkaure (D:6)
  Edmund (D:4)
  7 wargs
  2 acid dragons
  20 water moccasins
  A hydra simulacrum (Lair:3)
  An ice beast (D:6)
  40 orc warriors
  A sky beast (D:6)
  2 black bears
  The ghost of nitefall the Shield-Bearer, an amateur MiFi (D:3)
  A black bear (shapeshifter) (D:13)
  A black mamba simulacrum (Lair:3)
  20 wolves
  7 ogres
  19 centaurs
  A phantom (D:6)
  A kobold brigand (D:10)
  17 bullfrogs
  2 scorpions (D:4)
  3 skyshark simulacra (Lair:3)
  4 wights (D:9)
  15 killer bees
  2 howler monkeys
  27 orc priests
  2 jellies
  Crazy Yiuf (D:3)
  2 hounds
  2 gnoll boudas
  Jessica (D:3)
  6 iguanas
  12 orc wizards
  A polar bear simulacrum (Lair:3)
  Robin (D:4)
  12 adders
  5 gnolls (D:4)
  3 shadow imps (Gauntlet)
  A white imp (D:6)
  2 ufetubi (D:5)
  61 orcs
  5 ball pythons
  9 endoplasms
  4 giant cockroaches
  16 goblins
  7 hobgoblins
  4 jackals (D:4)
  3 quokkas
  8 bats
  5 frilled lizards
  6 kobolds
  8 rats
  7 tentacles
1196 creatures vanquished.

Vanquished Creatures (others)
  Sonja (Orc:2)
  9 tentacles
10 creatures vanquished.

Grand Total: 1206 creatures vanquished

Notes
Turn   | Place    | Note
-------+----------+-------------------------------------------
     0 | D:1      | paps the Demonspawn Fighter began the quest for the Orb.
     0 | D:1      | Reached XP level 1. HP: 18/18 MP: 1/1
   194 | D:1      | Gained mutation: You are partially covered in molten
                  | scales. (AC +2) [demonic ancestry]
   194 | D:1      | Reached XP level 2. HP: 24/24 MP: 2/2
   281 | D:1      | Found Tarherghe's General Store.
   822 | D:2      | Reached XP level 3. HP: 15/29 MP: 3/3
   946 | D:2      | Reached skill level 1 in Dodging
  1006 | D:2      | Found Duxt's Weapon Shoppe.
  1145 | D:2      | Gained mutation: You are mostly covered in molten scales.
                  | (AC +3) [demonic ancestry]
  1145 | D:2      | Reached XP level 4. HP: 35/35 MP: 4/4
  1551 | D:3      | Reached XP level 5. HP: 27/41 MP: 5/5
  1666 | D:3      | Found a transporter.
  1668 | D:3      | Noticed nitefall's ghost (amateur MiFi)
  1671 | D:3      | Noticed an ogre
  1689 | D:3      | Noticed Jessica
  1698 | D:3      | Killed Jessica
  1735 | D:3      | Found a snail-covered altar of Cheibriados.
  1751 | D:3      | Identified the +4 spear "Suhelarch" {protect, rN+}
  1943 | D:3      | Found Nihu's Antique Weapon Shop.
  2037 | D:3      | Found a runed translucent door.
  2038 | D:3      | Noticed Crazy Yiuf
  2133 | D:3      | Found a hide-covered altar of Uskayaw.
  2396 | D:3      | Killed Crazy Yiuf
  2486 | D:4      | Reached XP level 6. HP: 46/47 MP: 6/6
  2705 | D:4      | Found Zovvahen's Mass Market.
  2837 | D:4      | Reached XP level 7. HP: 42/53 MP: 7/7
  3019 | D:4      | Identified the amulet of the Queen {Reflect rPois Int+3
                  | Dex+3 SH+5}
  3067 | D:4      | Reached skill level 5 in Long Blades
  3096 | D:4      | Reached skill level 4 in Fighting
  3188 | D:4      | Noticed Robin
  3194 | D:4      | Killed Robin
  3232 | D:4      | Noticed Grinder
  3254 | D:4      | Paralysed by Grinder for 4 turns
  3260 | D:4      | Killed Grinder
  3416 | D:5      | Entered Level 5 of the Dungeon
  3732 | D:5      | Noticed Edmund
  3835 | D:4      | Killed Edmund
  3836 | D:4      | Reached XP level 8. HP: 22/61 MP: 8/8
  4208 | D:5      | Identified a scroll of acquirement
  4208 | D:5      | Acquired the +9 triple sword "Geciles" {freeze, Contam rN+
                  | Dex+6}
  4483 | D:6      | Found a hazy altar of Hepliaklqana.
  4620 | D:6      | Noticed Menkaure
  4627 | D:6      | Killed Menkaure
  5118 | D:7      | Identified the +11 mace "Daprug" {antimagic, rElec rPois
                  | rCorr Int-3}
  5154 | D:7      | Reached skill level 5 in Armour
  5156 | D:7      | Reached skill level 5 in Fighting
  5325 | D:7      | Gained mutation: You have large cloven feet. [demonic
                  | ancestry]
  5325 | D:7      | Reached XP level 9. HP: 68/68 MP: 9/9
  5351 | D:7      | Found a staircase to the Ecumenical Temple.
  5366 | Temple   | Entered the Ecumenical Temple
  5458 | Temple   | Became a worshipper of Gozag Ym Sagoz the Greedy
  5727 | D:7      | Reached skill level 1 in Stealth
  6205 | D:8      | Found a bloodstained altar of Trog.
  6307 | D:8      | Noticed Psyche
  6314 | D:8      | Killed Psyche
  6421 | D:8      | Noticed Maggie
  6432 | D:8      | Killed Maggie
  6696 | D:9      | Reached skill level 5 in Shields
  6705 | D:9      | Reached skill level 6 in Fighting
  6814 | D:9      | Gained mutation: Your demonic aura sometimes causes spilled
                  | blood to erupt in flames. [demonic ancestry]
  6814 | D:9      | Reached XP level 10. HP: 66/76 MP: 10/10
  7241 | D:9      | Reached skill level 10 in Long Blades
  7539 | D:10     | Entered Level 10 of the Dungeon
  7545 | D:10     | Noticed a gargoyle
  7547 | D:10     | Noticed a cyclops
  7550 | D:10     | Noticed a two-headed ogre
  7555 | D:10     | Killed a gargoyle
  7566 | D:10     | Noticed a sun demon
  7811 | D:9      | Killed a two-headed ogre
  7812 | D:9      | Reached skill level 7 in Fighting
  7928 | D:10     | Killed a cyclops
  7928 | D:10     | Noticed a boulder beetle
  7929 | D:10     | Gained mutation: You have hoof-like feet. [demonic
                  | ancestry]
  7929 | D:10     | Reached XP level 11. HP: 52/84 MP: 11/11
  7937 | D:10     | Killed a boulder beetle
  8110 | D:10     | Noticed a boulder beetle
  8174 | D:10     | Killed a boulder beetle
  8253 | D:10     | Found the +6 shillelagh "Devastator" {shatter}
  8287 | D:10     | Found Jeucuc's Elemental Accessories.
  8517 | D:10     | Noticed a two-headed ogre
  8523 | D:10     | Killed a two-headed ogre
  9083 | D:11     | Reached skill level 1 in Polearms
  9156 | D:11     | Found a staircase to the Orcish Mines.
  9226 | D:11     | Reached skill level 8 in Fighting
  9227 | D:11     | Found a staircase to the Lair.
  9761 | D:11     | Noticed a boulder beetle
  9771 | D:11     | Killed a boulder beetle
  9817 | D:11     | Found Cennur's General Store.
  9857 | Lair:1   | Entered Level 1 of the Lair of Beasts
 10010 | Lair:1   | Noticed a death yak
 10011 | Lair:1   | Noticed a death yak
 10011 | Lair:1   | Noticed a death yak
 10012 | Lair:1   | Noticed a death yak
 10012 | Lair:1   | Noticed a death yak
 10013 | Lair:1   | Noticed a death yak
 10013 | Lair:1   | Noticed a death yak
 10014 | Lair:1   | Noticed a death yak
 10015 | Lair:1   | Noticed a death yak
 10016 | Lair:1   | Noticed Amaemon
 10016 | Lair:1   | Noticed a death yak
 10035 | Lair:1   | Reached XP level 12. HP: 88/94 MP: 12/12
 10089 | Lair:1   | Reached skill level 9 in Fighting
 10289 | Lair:1   | Killed a death yak
 10293 | Lair:1   | Killed a death yak
 10299 | Lair:1   | Killed a death yak
 10563 | Lair:1   | Killed a death yak
 10580 | Lair:1   | Killed Amaemon
 10581 | Lair:1   | Reached skill level 5 in Dodging
 10588 | Lair:1   | Killed a death yak
 10612 | D:11     | Killed a death yak
 10616 | D:11     | Killed a death yak
 10617 | D:11     | Reached skill level 10 in Fighting
 10759 | D:11     | Killed a death yak
 10763 | D:11     | Killed a death yak
 10764 | D:11     | Reached skill level 5 in Polearms
 10938 | Lair:1   | Killed a death yak
 11076 | Lair:1   | Noticed a catoblepas
 11109 | Lair:1   | Killed a catoblepas
 11595 | Lair:2   | Reached XP level 13. HP: 105/105 MP: 13/13
 11666 | Lair:2   | Reached skill level 11 in Fighting
 13096 | Lair:2   | Found a staircase to the Shoals.
 13159 | Lair:3   | Found a runed translucent gate.
 13159 | Lair:3   | Found a runed translucent gate.
 13159 | Lair:3   | Found a runed translucent gate.
 13376 | D:10     | Bought the +8 lance "Wyrmbane" {slay drac, rPois rF+ rC+
                  | AC+3} for 2020 gold pieces
 13376 | D:10     | Found the +8 lance "Wyrmbane" {slay drac, rPois rF+ rC+
                  | AC+3}
 13382 | D:10     | Gained mutation: You are occasionally teleported next to
                  | monsters. [mutagenic glow]
 13971 | Lair:3   | Noticed Jelor's ghost (journeyman DrIE)
 14043 | Lair:3   | Found a hole to the Spider Nest.
 14745 | D:10     | Bought a pair of runed gloves for 187 gold pieces
 14921 | D:3      | Found a transporter.
 14935 | D:3      | Killed nitefall's ghost
 15351 | Lair:3   | Killed Jelor's ghost
 15427 | Lair:3   | Got the ring of the Country {Fire Fly rCorr}
 15900 | Lair:4   | Reached XP level 14. HP: 65/114 MP: 14/14
 16622 | Lair:5   | Entered Level 5 of the Lair of Beasts
 16681 | Lair:5   | Reached skill level 12 in Fighting
 16999 | Lair:5   | Found a viscous altar of Jiyva.
 16999 | Lair:5   | Found a staircase to the Slime Pits.
 17536 | Lair:5   | Reached skill level 10 in Polearms
 18282 | Lair:5   | Bought the +0 pair of fencer's gloves {Riposte Dex+3} for
                  | 520 gold pieces
 18282 | Lair:5   | Found the +0 pair of fencer's gloves {Riposte Dex+3}
 18534 | D:12     | Found a runed translucent door.
 18534 | D:12     | Found a shimmering altar of Xom.
 18534 | D:12     | Noticed chuckiee3's ghost (journeyman MiFi)
 18552 | D:12     | Killed chuckiee3's ghost
 19357 | D:13     | Found Niwedav's Gadget Gallery.
 19452 | D:13     | Gained mutation: You have hooves in place of feet. [demonic
                  | ancestry]
 19452 | D:13     | Reached XP level 15. HP: 111/122 MP: 15/15
 19517 | D:13     | Found a gate to the Vaults.
 19894 | D:13     | Noticed Jorgrun
 19909 | D:13     | Killed Jorgrun
 20505 | D:13     | Reached skill level 13 in Fighting
 20505 | D:13     | Reached skill level 5 in Stealth
 20605 | D:13     | Bought a +1 kite shield of fire resistance for 313 gold
                  | pieces
 20692 | D:14     | Reached skill level 10 in Armour
 21247 | D:15     | Entered Level 15 of the Dungeon
 21413 | D:15     | Noticed Josephine
 21425 | D:15     | Killed Josephine
 21584 | D:15     | Found a gate leading to a gauntlet.
 21593 | Gauntlet | Entered a Gauntlet
 21593 | Gauntlet | Found a transporter.
 21603 | Gauntlet | Found a transporter.
 21604 | Gauntlet | Found a transporter.
 21619 | Gauntlet | Found a transporter.
 21621 | Gauntlet | Found a transporter.
 21632 | Gauntlet | Found a transporter.
 21648 | Gauntlet | Found a transporter.
 21656 | Gauntlet | Found a runed translucent door.
 21658 | Gauntlet | Found a transporter.
 21660 | Gauntlet | Found a runed translucent door.
 21667 | Gauntlet | Found a runed translucent door.
 21668 | Gauntlet | Found a transporter.
 21669 | Gauntlet | Found a runed translucent door.
 21682 | Gauntlet | Found a transporter.
 21691 | Gauntlet | Found a transporter.
 21694 | Gauntlet | Found a transporter.
 21743 | Gauntlet | Found a transporter.
 21769 | Gauntlet | Found a transporter.
 21944 | Gauntlet | Identified the +2 helmet of Truth {Harm *Corrode rN+ Dex+7}
 21955 | Gauntlet | Identified the +0 chain mail of Uschorits {Contam +Blink
                  | rF+++ Int+2}
 21975 | Gauntlet | Identified the orb "Haysamm" {*channel, *Corrode rN+++
                  | Int-4}
 22038 | D:15     | Found a runed translucent gate.
 22039 | D:15     | Found a runed translucent gate.
 22039 | D:15     | Found a runed translucent gate.
 22062 | D:15     | Noticed Lugebuh's ghost (journeyman OpVM)
 22080 | D:15     | Reached skill level 10 in Shields
 22162 | D:15     | Killed Lugebuh's ghost
 22590 | D:15     | Gained mutation: You sometimes gain a little power by
                  | taking damage. [demonic ancestry]
 22590 | D:15     | Reached XP level 16. HP: 131/131 MP: 16/16
 22650 | D:15     | Found a staircase to the Depths.
 22925 | Orc:1    | Entered Level 1 of the Orcish Mines
 22955 | Orc:1    | Paralysed by an orc sorcerer for 5 turns
 23165 | Orc:2    | Entered Level 2 of the Orcish Mines
 23165 | Orc:2    | Found a staircase to the Elven Halls.
 23508 | Orc:2    | Noticed Snorg
 23515 | Orc:2    | Killed Snorg
 23585 | Orc:2    | Noticed Erolcha
 23671 | Orc:2    | Killed Erolcha
 24229 | Orc:2    | Noticed Sonja
 24287 | Orc:2    | Reached skill level 14 in Fighting
 24294 | Orc:2    | Killed Sonja
 24452 | Orc:2    | Found Asedoot's Armour Shoppe.
 24455 | Orc:2    | Found Uqoxt's Antique Weapon Emporium.
 24456 | Orc:2    | Found Wuohixaf's Weapon Shoppe.
 24457 | Orc:2    | Found Waceto's Antique Weapon Shoppe.
 24964 | Spider:1 | Entered Level 1 of the Spider Nest
 25674 | Spider:1 | Acquired a manual of Fighting
 25882 | Spider:1 | HP: 2/134 [something (8)]
 26804 | Spider:2 | Gained mutation: You are completely covered in molten
                  | scales. (AC +4, rF+) [demonic ancestry]
 26804 | Spider:2 | Reached XP level 17. HP: 116/140 MP: 17/17
 27546 | Spider:3 | Reached skill level 15 in Fighting
 27737 | Spider:3 | Identified the +3 leather armour of Words of Power {Int+2}
 27920 | Spider:2 | Lost mutation: You are occasionally teleported next to
                  | monsters. [potion of mutation]
 27920 | Spider:2 | Gained mutation: You have an increased reservoir of magic.
                  | (+10% MP) [potion of mutation]
 27920 | Spider:2 | Lost mutation: You have an increased reservoir of magic.
                  | (+10% MP) [potion of mutation]
 27920 | Spider:2 | Gained mutation: Your flesh is heat resistant. (rF+)
                  | [potion of mutation]
 27920 | Spider:2 | Gained mutation: You possess an exceptional clarity of
                  | mind. [potion of mutation]
 28482 | D:13     | Bought the ring "Qelleuru" {rElec rCorr Int+3 Slay+4} for
                  | 1951 gold pieces
 28946 | Spider:3 | Found a runed translucent gate.
 28990 | Spider:3 | Reached skill level 15 in Polearms
 29159 | Spider:3 | Found a runed translucent gate.
 29159 | Spider:3 | Found a runed translucent gate.
 29194 | Spider:3 | Noticed chuckiee3's ghost (journeyman MiFi)
 29194 | Spider:3 | Noticed Iluol's ghost (adept TrSh)
 29194 | Spider:3 | Noticed Mosem's ghost (adept TrSh)
 29696 | Spider:3 | Killed Mosem's ghost
 30072 | Spider:3 | Killed chuckiee3's ghost
 30139 | Spider:3 | Killed Iluol's ghost
 30267 | Spider:4 | Entered Level 4 of the Spider Nest
 30400 | Spider:4 | Noticed Arachne
 30418 | Spider:4 | Killed Arachne
 30591 | Spider:3 | Gained mutation: Armour fits poorly on your strangely
                  | shaped body. [mutagenic glow]
 30823 | Spider:4 | Reached skill level 16 in Fighting
 31027 | Spider:4 | Noticed Roxanne
 31058 | Spider:4 | Killed Roxanne
 31793 | Spider:4 | Reached XP level 18. HP: 149/153 MP: 0/18
 32033 | Spider:4 | Got a gossamer rune of Zot
 32407 | Spider:4 | Noticed Agnes
 32417 | Spider:4 | Killed Agnes
 33007 | Shoals:1 | Entered Level 1 of the Shoals
 33024 | Lair:2   | Bought a masterwork plate armour for 1064 gold pieces
 33024 | Lair:2   | Identified the +1 plate armour of Leatt {Int+2} (You bought
                  | it in a shop on level 2 of the Lair of Beasts)
 33338 | Shoals:1 | Found a transporter.
 33343 | Shoals:1 | Noticed Jema's ghost (adept HuCj)
 33678 | Shoals:1 | Found a basalt altar of Yredelemnul.
 33774 | Shoals:1 | Found a transporter.
 34113 | Shoals:1 | Reached skill level 17 in Fighting
 34133 | Shoals:1 | Killed Jema's ghost
 34397 | Shoals:1 | Identified the amulet "Leecwua" {RegenMP Harm Rampage rN+
                  | Regen+}
 34507 | Shoals:2 | Noticed Ilsuiw
 34518 | Shoals:2 | Noticed Frances
 34757 | Shoals:2 | Killed Ilsuiw
 35001 | Shoals:2 | Killed Frances
 35812 | Shoals:3 | Found Uwahipi's Book Shoppe.
 36081 | Shoals:3 | Found Beefask's Armour Emporium.
 36287 | Shoals:3 | Found Xikhof's Weapon Boutique.
 36326 | Shoals:3 | Found Meegol's Distillery.
 36369 | Shoals:3 | Found Fapok's Jewellery Shop.
 36758 | Shoals:4 | Entered Level 4 of the Shoals
 37168 | Shoals:4 | Identified the +5 short sword of Jemujaex {flame, rN+
                  | Int+3}
 37324 | Shoals:4 | Found a transporter.
 37329 | Shoals:4 | Found Cicuh's Antique Weapon Boutique.
 37533 | Shoals:4 | Got a barnacled rune of Zot
 37828 | Shoals:4 | Found a transporter.
 38570 | Elf:1    | Entered Level 1 of the Elven Halls
 38585 | Elf:1    | Reached XP level 19. HP: 161/163 MP: 19/19
 38615 | Elf:1    | Reached skill level 18 in Fighting
 38730 | Elf:1    | Found Kiam's Antique Armour Boutique.
 38738 | Elf:1    | Bought a glimmering chain mail for 304 gold pieces
 38738 | Elf:1    | Identified the +6 chain mail of the Special Spines {rC+}
                  | (You bought it in a shop on level 1 of the Elven Halls)
 38799 | Elf:1    | Found Bauna's Distillery.
 38975 | Elf:1    | Found Qusixun's Book Boutique.
 39157 | Elf:1    | Found Cigast's Jewellery Shoppe.
 39384 | Elf:1    | Reached skill level 10 in Dodging
 39649 | Elf:1    | Found Roatwe's Magic Scroll Shoppe.
 40004 | Elf:2    | Found a runed translucent door.
 40035 | Elf:2    | Found a runed translucent door.
 40071 | Elf:2    | Identified the +3 chain mail of Gestures {rN+}
 40410 | Abyss:2  | Cast into level 2 of the Abyss (a deep elf sorcerer)
 40427 | Elf:2    | Escaped the Abyss
 40939 | Elf:2    | Noticed Zenata
 40969 | Elf:2    | HP: 8/165 [+0 halberd of holy wrath[Zenata] (18)]
 40969 | Elf:2    | HP: 3/165 [+1 trident of protection[Zenata] (5)]
 40970 | Elf:2    | Mangled by a +0 halberd of holy wrath

Illustrated notes

Levels and vault maps discovered:
D:1:      minmay_arrival_checkered_box, layout_basic, serial_shops, shop,
          minivault_27, kennysheep_nondescript
D:2:      layout_loops_ring, serial_shops, shop
D:3:      layout_basic, mainiacjoe_overflow_concentric_impassable,
          lemuel_tele_altar, gammafunk_ghost_smash, serial_shops, shop,
          uniq_crazy_yiuf_cottage, uniq_jessica
D:4:      layout_loops_ring, minmay_shop_mass, chequers_serial_rivers_small_a,
          uniq_robin, uniq_grinder
D:5:      layout_loops_ring, uniq_edmund
D:6:      layout_loops_ring, mainiacjoe_overflow_chevrons, uniq_menkaure
D:7:      layout_basic, minmay_temple_entry_butterflies,
          amcnicky_mini_pool_small, minmay_small_thing
D:8:      layout_loops_cross, mainiacjoe_overflow_alcove_2, serial_glass,
          glass_columns_b, glass_columns_c, serial_bayou_pond_a, uniq_psyche,
          uniq_maggie
D:9:      layout_roguey
D:10:     cheibrodos_fzero, layout_gridville, nicolae_elemental_shop,
          dilly_guarded_unrand_devastator
D:11:     layout_roguey, erik_lair_orcish_takeover, david_orc_3, serial_shops,
          shop, the_hattery
D:12:     hellmonk_ruined_rings, layout_irregular_city, ebering_ghost_xom,
          due_unseen_surprise
D:13:     minmay_inner_zag, layout_cave_pods, erik_vaults_2,
          nicolae_shop_gadgets, uniq_jorgrun
D:14:     layout_cross
D:15:     hangedman_depths_entry_civil_slaughter, layout_irregular_city,
          gauntlet_entry_generic, gammafunk_ghost_necromancy, uniq_josephine
Temple:   dpeg_five_rooms_temple
Lair:1:   layout_cave_pods, nicolae_lair_grazing_beasts
          [nicolae_sub_lair_graze_edge, nicolae_sub_lair_graze_edge,
          nicolae_sub_lair_graze_edge, nicolae_sub_lair_graze_edge],
          uniq_amaemon
Lair:2:   layout_regular_city, mainiacjoe_shoals_entry_four_pools
Lair:3:   layout_chaotic_city, spider_nest_entry_a, gammafunk_ghost_icy,
          serial_bayou_lagoon_a, serial_bayou_shore_b
Lair:4:   layout_loops_ring, grunt_megastairs_4
Lair:5:   evilmike_catoblepas_cave, layout_regular_city, slime_entry_1,
          grunt_megastairs_2
Shoals:1: layout_shoals, gammafunk_ghost_berserking_beasts, abandoned_shop,
          wheals_shoals_ruined_temple
Shoals:2: layout_shoals, nicolae_shoals_dead_sea_scrolls, uniq_ilsuiw,
          uniq_frances
Shoals:3: layout_shoals, serial_shops, shop, nicolae_shop_rolling_square,
          nicolae_stop_n_shop_2, nicolae_shop_trees, nicolae_stop_n_shop_2
Shoals:4: shoals_end_grunt_garden, layout_shoals, serial_shops,
          nicolae_shop_drivethru
Spider:1: layout_spider_delve
Spider:2: layout_cave_pods, drop_trap
Spider:3: layout_spider_delve, gammafunk_ghost_cemetery,
          nicolae_spider_eight_legs
Spider:4: grunt_spider_rune_parallel, hellmonk_test_site, uniq_arachne,
          uniq_roxanne, uniq_agnes
Orc:1:    layout_caves
Orc:2:    st_orc_pillars, layout_caves, uniq_snorg, uniq_erolcha, uniq_sonja
Elf:1:    elf_arrival_001, layout_gridlike, serial_shops,
          nicolae_shop_tiny_waterfront, nicolae_shop_hallway_stairs,
          nicolae_shop_peninsula, nicolae_shop_peninsula,
          nicolae_shop_rolled_up, minmay_elf_crystal_hexagon,
          minmay_misc_feat_ornament, nicolae_elf_big_sculpture_2,
          minivault_25_ag
Elf:2:    nicolae_elf_blades_splatter_lattice
          [nicolae_blade_entry_splitting_headache], layout_gridlike,
          roderic_lattice_octagonal_star, uniq_zenata

Skill      XL: |  1  2  3  4  5  6  7  8  9 10 11 12 13 14 15 16 17 18 19 |
---------------+----------------------------------------------------------+-----
Long Blades    | 2 3 4 6 7 9 11 12 | 12.0
Armour         | 3 4 5 6 7 8 9 10 11 | 11.9
Dodging        | 1 2 3 4 5 6 7 8 9 10 | 10.1
Shields        | 3 4 5 6 7 8 9 10 11 13 14 | 14.8
Fighting       | 4 5 6 7 8 10 11 12 13 14 16 17 18 | 18.7
Stealth        | 2 3 4 5 6 7 |  7.8
Polearms       | 3 5 8 11 13 14 15 16 17 | 17.5

Action                     |  1- 3 |  4- 6 |  7- 9 | 10-12 | 13-15 | 16-18 | 19-21 || total
---------------------------+-------+-------+-------+-------+-------+-------+-------++-------
  Melee: Long sword        |   140 |   218 |   115 |       |       |       |       ||   473
         Triple sword      |       |       |   107 |   291 |   137 |       |       ||   535
         Kick              |       |       |    15 |   115 |   582 |   794 |    88 ||  1594
         Lance             |       |       |       |       |  1213 |  1909 |   298 ||  3420
 Invoke: Call Merchant     |       |       |       |     1 |     2 |     1 |       ||     4
    Use: Scroll            |     3 |     4 |    10 |     4 |     9 |     6 |     1 ||    37
         Potion            |       |     1 |       |     3 |       |     4 |     2 ||    10
   Stab: Distracted        |       |       |     2 |     2 |     9 |    20 |     1 ||    34
         Sleeping          |       |       |       |       |     7 |    12 |       ||    19
         Held in net/web   |       |       |       |       |       |     1 |       ||     1
 Armour: Scale mail        |   101 |   131 |   110 |   251 |   488 |   511 |     6 ||  1598
         Chain mail        |       |       |       |       |       |       |    80 ||    80
  Dodge: Dodged            |    84 |   138 |   215 |   309 |   575 |   466 |    27 ||  1814
  Block: Buckler           |    33 |    84 |    77 |       |   336 |       |       ||   530
         Other             |       |       |    29 |    71 |    31 |       |       ||   131
         Reflection        |       |       |     2 |       |    40 |    77 |    13 ||   132
         Kite shield       |       |       |       |       |   188 |  1191 |   102 ||  1481
Riposte: Lance             |       |       |       |       |   100 |   455 |    38 ||   593

Table legend: (Time is in decaauts)
 A = Elapsed time spent in this place.
 B = Non-inter-level travel time spent in this place.
 C = Inter-level travel time spent in this place.
 D = Time resting spent in this place.
 E = Time spent auto-exploring this place.
 F = Levels seen in this place.
 G = Mean time per level.
                   A        B        C        D        E       F      G
               +--------+--------+--------+--------+--------+-----+--------+
         Total |  39987 |  36132 |   3855 |   5719 |  22692 |  35 | 1142.5 |
       Dungeon |  15327 |  13694 |   1633 |   1573 |   9321 |  15 | 1021.8 |
        Temple |    141 |      1 |    140 |      0 |      0 |   1 |  141.0 |
          Lair |   7602 |   6387 |   1215 |    665 |   4265 |   5 | 1520.4 |
        Shoals |   5152 |   4979 |    173 |    911 |   3152 |   4 | 1288.0 |
   Spider Nest |   7317 |   6752 |    565 |   2404 |   3027 |   4 | 1829.2 |
  Orcish Mines |   1797 |   1753 |     44 |    133 |   1184 |   2 |  898.5 |
   Elven Halls |   2247 |   2164 |     83 |     32 |   1734 |   2 | 1123.5 |
         Abyss |     16 |     16 |      0 |      0 |      8 |   1 |   16.0 |
      Gauntlet |    385 |    385 |      0 |      0 |      0 |   1 |  385.0 |
               +--------+--------+--------+--------+--------+-----+--------+

Top non-repeatable levels by time:
  Lair:2: 2175 daAuts
Spider:4: 2093 daAuts
Spider:3: 1934 daAuts
Spider:2: 1889 daAuts
Shoals:1: 1733 daAuts
  Lair:1: 1700 daAuts
  Lair:5: 1555 daAuts
    D:11: 1502 daAuts
    D:13: 1412 daAuts
Spider:1: 1400 daAuts
    D:10: 1392 daAuts
     D:9: 1370 daAuts
Shoals:4: 1336 daAuts
   Orc:2: 1309 daAuts
  Lair:3: 1188 daAuts
